 Dungeon Crawl Stone Soup version 0.19-a0-1732-g0b18a7b (webtiles) character file.

215 Amnesiac the Digger (level 5, -14/28 HPs)
             Began as a Deep Elf Earth Elementalist on Sept 30, 2016.
             Demolished by a crocodile (15 damage)
             ... in a sewer.
             The game lasted 00:02:53 (990 turns).

Amnesiac the Digger (Deep Elf Earth Elementalist)    Turns: 990, Time: 00:02:54

Health: -14/28     AC:  2    Str:  5    XL:     5   Next: 60%
Magic:  9/14       EV: 13    Int: 20    God:
Gold:   73         SH:  0    Dex: 16    Spells: 4 memorised, 1 level left

rFire  . . .     SeeInvis .     b - 50 stones
rCold  . . .     Gourm    .     c - +0 robe
rNeg   . . .     Faith    .     (no shield)
rPois  .         Spirit   .     (no helmet)
rElec  .         Dismiss  .     (no cloak)
rCorr  .         Reflect  .     (no gloves)
MR     .....     Harm     .     (no boots)
Stlth  ++........               (no amulet)
                                (no ring)
                                (no ring)

@: no status effects
A: no striking features
a: no special abilities


You were in a sewer.
You were not hungry.

You visited 1 branch of the dungeon, and saw 4 of its levels.
You also visited: Sewer.

You collected 73 gold pieces.

Inventory:

Hand Weapons
 h - a +2 vampiric dagger
 l - a +2 dagger of protection
Missiles
 b - 50 stones (in hand)
Armour
 c - a +0 robe (worn)
Jewellery
 p - an uncursed ring of flight {unknown}
Scrolls
 f - a scroll of identify {unknown}
 i - a scroll of enchant weapon {unknown}
 j - 2 scrolls of fear {unknown}
 n - a scroll of magic mapping {unknown}
 o - a scroll of fog {unknown}
 q - 2 scrolls of random uselessness {unknown}
Potions
 a - 3 potions of magic {unknown}
 k - a potion of curing {unknown}
 m - a potion of haste {unknown}
Books
 e - a book of Geomancy

   Spells                             Type                      Level
   a - Sandblast                      Earth                        1
   b - Passwall                       Transmutation/Earth          2
   c - Stone Arrow                    Conjuration/Earth            3
   d - Petrify                        Transmutation/Earth          4
   e - Lee's Rapid Deconstruction     Earth                        5
Comestibles
 d - a bread ration
 g - 4 chunks of flesh


   Skills:
 - Level 2.4 Dodging
 - Level 2.4 Stealth
 + Level 4.8 Spellcasting
 - Level 1.1 Transmutations
 * Level 6.2 Earth Magic


You had one spell level left.
You knew the following spells:

 Your Spells              Type           Power        Failure   Level  Hunger
e - Petrify               Tmut/Erth      ###.....     30%         4    ####...
f - Lee's Rapid Deconstr  Erth           ####......   30%         5    ######.
v - Passwall              Tmut/Erth      ###.......   4%          2    #......
z - Sandblast             Erth           ####..       1%          1    None


Dungeon Overview and Level Annotations

Branches:
Dungeon (4/15)
 Temple: D:4-7

Altars:


Message History

Unknown command.
Casting: Sandblast
Confirm with . or Enter, or press ? or * to list all spells.
Aiming: Sandblast
Press: ? - help, Shift-Dir - straight line, f/p - crocodile
Aim: a crocodile (moderately wounded)
The rocky blast hits the crocodile.
The crocodile is severely wounded.
The crocodile bites you!!
Ouch! That really hurt!
* * * LOW HITPOINT WARNING * * *
Unknown command.
Casting: Sandblast
Confirm with . or Enter, or press ? or * to list all spells.
Aiming: Sandblast
Press: ? - help, Shift-Dir - straight line, f/p - crocodile
Aim: a crocodile (severely wounded)
The rocky blast misses the crocodile.
The crocodile bites you!
Ouch! That really hurt!
You die...

##.....## #.#
#...≈...## #.#
...≈≈≈...#######.#
∩.≈≈≈≈≈..........#
...≈≈≈...#######.#
#...≈...## #.#
##.....## #.#
####### ###.###
#..@..# #...t...#
#.......#
#.......#
#.......#
#..$?$..#
##$:($$## #######


You could see a crocodile.

Vanquished Creatures
  A scorpion (D:4)
  Natasha (thrice) (D:3)
  An orc wizard (D:3)
  3 adders (D:4)
  An ooze (D:3)
  2 dart slugs (D:2)
  2 leopard geckos (D:4)
  4 orcs (D:3)
  A giant cockroach (D:3)
  4 goblins
  3 hobgoblins
  A kobold (D:3)
  5 bats (Sewer)
  4 rats
35 creatures vanquished.

Notes
Turn   | Place    | Note
-------+----------+-------------------------------------------
     0 | D:1      | Amnesiac the Deep Elf Earth Elementalist began the quest for the Orb.
     0 | D:1      | Reached XP level 1. HP: 10/10 MP: 6/6
   144 | D:2      | Reached XP level 2. HP: 15/15 MP: 5/8
   152 | D:2      | Learned a level 2 spell: Passwall
   172 | D:3      | Noticed Natasha
   178 | D:3      | Killed Natasha
   178 | D:3      | Reached skill level 4 in Earth Magic
   178 | D:3      | Reached XP level 3. HP: 7/19 MP: 2/10
   190 | D:3      | Noticed Natasha
   208 | D:3      | Killed Natasha
   393 | D:3      | Noticed Natasha
   396 | D:3      | Killed Natasha
   396 | D:3      | Reached skill level 5 in Earth Magic
   396 | D:3      | Reached XP level 4. HP: 24/24 MP: 10/12
   486 | D:4      | Reached XP level 5. HP: 28/28 MP: 10/14
   548 | D:4      | Learned a level 5 spell: Lee's Rapid Deconstruction
   553 | D:4      | Learned a level 4 spell: Petrify
   688 | D:3      | Reached skill level 6 in Earth Magic
   911 | D:4      | Found a glowing drain.
   915 | Sewer    | Entered a sewer
   981 | Sewer    | Noticed a crocodile
   989 | Sewer    | HP: 1/28 [crocodile (19)]
   990 | Sewer    | Demolished by a crocodile

Vault maps used:
D:1:      dpeg_arrival_rhombi, serial_forest, infiniplex_forest_clump_cross,
          infiniplex_forest_side_room, infiniplex_forest_end_2,
          infiniplex_forest_straight_3
D:2:      first_bread, minmay_misc_feat_plants, nicolae_tso_swordbearing_angel
D:3:      uniq_natasha
D:4:      gammafunk_temple_overflow_statue, gup_sewer_entry_spiral,
          minivault_26, cheibriados_altar_wand_db
Sewer:    sewer_big_baddie

Skill      XL: |  1  2  3  4  5 |
---------------+----------------+-----
Earth Magic    | 4 5 6 |  6.2
Spellcasting   | 4 |  4.8
Dodging        | |  2.4
Stealth        | |  2.4
Transmutations | |  1.1

Action                   |  1- 3 |  4- 6 || total
-------------------------+-------+-------++-------
 Cast: Sandblast         |    20 |    43 ||    63
Armor: Robe              |       |     4 ||     4
Dodge: Dodged            |     8 |    13 ||    21
